 Dungeon Crawl Stone Soup version 0.29.1-12-g30fa7ad0bf (webtiles) character file.

Game seed: 10755787834547432316

3208 mopl the Covert (level 10, 0/63 HPs)
             Began as a Formicid Enchanter on Jan 15, 2023.
             Slain by a gnoll
             ... wielding a +0 halberd
             ... led by a gnoll bouda
              (7 damage)
             ... on level 8 of the Dungeon.
             The game lasted 00:18:02 (8969 turns).

mopl the Covert (Formicid Enchanter)                Turns: 8969, Time: 00:18:03

Health: 0/63       AC:  3    Str: 14    XL:     10   Next: 17%
Magic:  1/19       EV: 12    Int: 18    God:
Gold:   169        SH:  0    Dex: 14    Spells: 9/21 levels left

rFire   . . .      SeeInvis +   a - +1 dagger
rCold   . . .      Faith    .   (no shield)
rNeg    + . .      Spirit   .   D - +0 robe
rPois   .          Reflect  .   (helmet unavailable)
rElec   .          Harm     .   (no cloak)
rCorr   .          Rampage  .   G - +0 pair of gloves
Will    +....                   (no boots)
Stlth   ++++......              (no amulet)
HPRegen 0.20/turn               L - ring of positive energy
MPRegen 0.16/turn               (no ring)

@: no status effects
A: permanent stasis, dig shafts and tunnels, antennae 3, four strong arms
a: Dig, Shaft Self


You were on level 8 of the Dungeon.
You visited 2 branches of the dungeon, and saw 9 of its levels.

You collected 437 gold pieces.
You spent 268 gold pieces at shops.

Inventory:

Hand Weapons
 a - a +1 dagger (weapon)
 b - the +8 falchion of Triumph {venom, rElec Will- Int+6 SInv}
   (You found it on level 6 of the Dungeon)

   It poisons the flesh of those it strikes.
   Int:       It affects your intelligence (+6).
   rElec:     It insulates you from electricity.
   SInv:      It lets you see invisible.
   Will:      It decreases your willpower.
 K - a +0 great sword
 M - a +5 battleaxe of freezing
Missiles
 v - 5 javelins
 y - 10 poisoned darts
 C - 7 boomerangs
Armour
 D - a +0 robe (worn)
 G - a +0 pair of gloves (worn)
Magical Staves
 h - a staff of conjuration
Jewellery
 j - a ring of fire
 L - a ring of positive energy (left hand)
Wands
 n - a wand of acid (5)
 s - a wand of flame (34)
 I - a wand of polymorph (4)
Scrolls
 d - 2 scrolls of blinking {unknown}
 f - 2 scrolls of amnesia {unknown}
 g - a scroll of summoning {unknown}
 i - 2 scrolls of silence {unknown}
 k - 4 scrolls of identify
 l - 3 scrolls of poison
 o - 2 scrolls of noise {unknown}
 p - a scroll of enchant armour {unknown}
 r - 2 scrolls of vulnerability {unknown}
 w - 4 scrolls of teleportation {unknown}
 B - a scroll of enchant weapon {unknown}
 E - a scroll of magic mapping {unknown}
 F - a scroll of fog {unknown}
Potions
 c - 2 potions of invisibility
 e - 5 potions of heal wounds
 m - 4 potions of curing
 q - 2 potions of brilliance
 t - a potion of attraction {unknown}
 u - a potion of haste {unknown}
 x - a potion of might
 z - 4 potions of flight
 A - 3 potions of degeneration {unknown}
 H - 2 potions of lignification {unknown}
 J - a potion of ambrosia


   Skills:
 + Level 6.0 Short Blades
 - Level 1.7 Dodging
 + Level 8.6 Stealth
 + Level 6.4 Spellcasting
 - Level 4.0 Conjurations
 + Level 8.0 Hexes
 - Level 4.0 Ice Magic
 + Level 1.3 Evocations


You had 9 spell levels left.
You knew the following spells:

 Your Spells              Type           Power      Damage    Failure   Level
a - Confusing Touch       Hex            34%        N/A       1%          3
b - Ensorcelled Hibernat  Hex/Ice        54%        N/A       1%          2
d - Tukima's Dance        Hex            34%        N/A       1%          3
f - Dazzling Flash        Conj/Hex       54%        N/A       3%          3
s - Slow                  Hex            100%       N/A       1%          1

Your spell library contained the following spells:

 Spells                   Type           Power      Damage    Failure   Level
 Fulminant Prism          Conj/Hex       13%        3d9       10%         4
 Vampiric Draining        Necr           5%         2d6       34%         3
 Iskenderun's Mystic Bla  Conj/Tloc      12%        2d5       45%         4
 Yara's Violent Unravell  Hex/Tmut       10%        3d6       52%         5
 Lee's Rapid Deconstruct  Erth           2%         3d6*      97%         5
 Enfeeble                 Hex            17%        N/A       98%         7


Dungeon Overview and Level Annotations

Branches:
Dungeon (8/15)             Temple (1/1) D:5
   Lair: D:8-11

Altars:
Ashenzari
Cheibriados
Dithmenos
Elyvilon
Fedhas
Gozag
Kikubaaqudgha
Makhleb
Nemelex Xobeh
Qazlal
Ru
Sif Muna
Trog
Uskayaw
Vehumet
Wu Jian
Xom
Yredelemnul
Zin
The Shining One

Shops:
D:5 :!**

Annotations:
D:5 Dowan, Duvessa
D:6 2 transporters, stringoo's ghost, weakling OpDe
D:7 bb hydra
D:8 exclusions: gnoll sergeant, hydra, manticore and sensed monster (detected)


Innate Abilities, Weirdness & Mutations

You cannot be hasted, slowed, berserked, paralysed or teleported.
You can dig through walls and to a lower floor.
You have a pair of large antennae on your head. (SInv)
Your four strong arms can wield two-handed weapons with a shield.


Message History

Casting: Dazzling Flash (dangerous; 3% risk of failure)
Press: ? - help, Dir - look around, f - activate The gnoll misses you.
The gnoll bouda barely misses you. The gnoll hits you with a +0 halberd.
* * * LOW HITPOINT WARNING * * *
Unknown command.
Unknown command.
Unknown command.
Unknown command.
Casting: Dazzling Flash (dangerous; 3% risk of failure)
Confirm with . or Enter, or press ? or * to list all spells.
Casting: Dazzling Flash (dangerous; 3% risk of failure)
Press: ? - help, Dir - look around, f - activate The gnoll barely misses you.
The gnoll bouda hits you with a +0 whip.
* * * LOW HITPOINT WARNING * * *
The gnoll misses you.
Unknown command.
Unknown command.
Unknown command.
Unknown command.
Casting: Dazzling Flash (dangerous; 3% risk of failure)
Confirm with . or Enter, or press ? or * to list all spells.
Casting: Dazzling Flash (dangerous; 3% risk of failure)
Press: ? - help, Dir - look around, f - activate The gnoll bouda is dazzled.
The gnoll is dazzled.
The gnoll hits you with a +0 flail.
* * * LOW HITPOINT WARNING * * *
The gnoll bouda misses you. The gnoll misses you.
Unknown command.
Unknown command.
Unknown command.
Casting: Dazzling Flash (dangerous; 3% risk of failure)
Confirm with . or Enter, or press ? or * to list all spells.
Aiming: Ensorcelled Hibernation (safe; 1% risk of failure)
Press: ? - help, Shift-Dir - straight line, f - gnoll
Aim: a gnoll, wielding a +0 flail (covering ground quickly, chance to affect: 67%)
The gnoll looks drowsy...
The gnoll bouda closely misses you. The gnoll hits you with a +0 halberd!
You die...

#..........#...........#.#
.).........#...........#.#
#..........####...#....#.#
...........####...#....#.#
.>..##⌠##...)..........#
...##.~.##.####.........
..##.._≈.### #..........
..#.≈.^.≈♣ #...#.....
..#♣♣§§... #.g@# .... ..⌠
♣§_≈^.⌠....gg....... ..
#^§.≈.#.............
#........###.. #..#'#...#
#...#.##### ...... .. ...


You could see a gnoll bouda (blind) and 2 gnolls.

Vanquished Creatures
  Grinder (D:5)
  5 yaks (D:8)
  Eustachio (D:4)
  A water moccasin (D:6)
  2 ice beasts
  2 centaurs
  An ogre (D:4)
  A phantom (D:5)
  2 bullfrogs
  2 scorpions
  4 wights
  2 killer bees (D:8)
  A vampire bat (D:5)
  A howler monkey (D:7)
  2 hounds (D:5)
  2 jellies
  2 orc priests
  A gnoll bouda (D:6)
  3 orc wizards
  2 iguanas
  14 gnolls
  8 adders
  A shadow imp (D:7)
  2 ufetubi
  A worm (D:3)
  4 dart slugs
  3 fire bats (D:5)
  8 orcs
  2 spectral bats (D:5)
  4 ball pythons (D:1)
  3 bat skeletons (D:5)
  A bat zombie (D:5)
  4 endoplasms
  3 giant cockroaches (D:1)
  6 goblins
  5 hobgoblins
  9 jackals
  8 kobolds
  11 quokkas
  15 bats
  A bat simulacrum (D:5)
  2 frilled lizards (D:1)
  6 rats
159 creatures vanquished.

Vanquished Creatures (collateral kills)
  4 wights
4 creatures vanquished.

Vanquished Creatures (others)
  2 dancing weapons
  An ufetubus (D:5)
  9 plants (D:7)
  5 withered plants (D:1)
17 creatures vanquished.

Grand Total: 180 creatures vanquished

Notes
Turn   | Place    | Note
-------+----------+-------------------------------------------
     0 | D:1      | mopl the Formicid Enchanter began the quest for the Orb.
     0 | D:1      | Reached XP level 1. HP: 13/13 MP: 3/3
   189 | D:1      | Reached XP level 2. HP: 3/19 MP: 5/5
   466 | D:1      | Learned a level 2 spell: Ensorcelled Hibernation
   568 | D:1      | Found a faded altar of an unknown god.
   572 | D:1      | Reached skill level 4 in Stealth
   590 | D:1      | Reached XP level 3. HP: 18/24 MP: 6/6
   609 | D:1      | Reached skill level 4 in Hexes
  1030 | D:1      | Learned a level 3 spell: Confusing Touch
  1637 | D:1      | Reached XP level 4. HP: 9/30 MP: 1/8
  1847 | D:2      | Reached skill level 1 in Ice Magic
  2015 | D:2      | You fall into a shaft and drop 2 floors!
  2166 | D:4      | Noticed Eustachio
  2347 | D:3      | Reached skill level 2 in Short Blades
  2992 | D:2      | Reached skill level 3 in Spellcasting
  2992 | D:2      | Reached XP level 5. HP: 12/35 MP: 0/9
  3693 | D:3      | Found a bloodstained altar of Trog.
  3867 | D:3      | Learned a level 3 spell: Tukima's Dance
  3912 | D:4      | Noticed an ogre
  3922 | D:4      | Killed an ogre
  3923 | D:4      | Reached skill level 5 in Stealth
  3923 | D:4      | Reached skill level 2 in Ice Magic
  3923 | D:4      | Reached XP level 6. HP: 41/41 MP: 2/11
  4122 | D:4      | Found a white marble altar of Elyvilon.
  4379 | D:4      | Killed Eustachio
  4380 | D:4      | Reached skill level 3 in Short Blades
  4380 | D:4      | Reached skill level 5 in Hexes
  4380 | D:4      | Reached XP level 7. HP: 46/46 MP: 7/12
  4525 | D:4      | Found a white marble altar of Elyvilon.
  4625 | D:5      | Entered Level 5 of the Dungeon
  4659 | D:5      | Reached skill level 4 in Spellcasting
  4659 | D:5      | Reached skill level 3 in Ice Magic
  4940 | D:5      | Found Nidat's Distillery.
  4949 | D:5      | Bought a potion of curing for 39 gold pieces
  4949 | D:5      | Bought a potion of heal wounds for 65 gold pieces
  4949 | D:5      | Bought a potion of might for 52 gold pieces
  4949 | D:5      | Bought a potion of brilliance for 52 gold pieces
  4967 | D:5      | Noticed Duvessa
  4967 | D:5      | Noticed Dowan
  5101 | D:5      | Noticed Grinder
  5339 | D:5      | Learned a level 3 spell: Dazzling Flash
  5384 | D:5      | Found Bing's Book Shop.
  5450 | D:5      | Killed Grinder
  5451 | D:5      | Reached skill level 6 in Stealth
  5451 | D:5      | Reached skill level 1 in Conjurations
  5451 | D:5      | Reached XP level 8. HP: 35/52 MP: 7/14
  5548 | D:5      | Learned a level 1 spell: Slow
  5599 | D:5      | Found a staircase to the Ecumenical Temple.
  5608 | Temple   | Entered the Ecumenical Temple
  5608 | Temple   | Found a transporter.
  5608 | Temple   | Found a transporter.
  5610 | Temple   | Found a transporter.
  5610 | Temple   | Found a transporter.
  6115 | D:5      | Reached skill level 6 in Hexes
  6452 | D:6      | Reached skill level 4 in Short Blades
  6688 | D:5      | Found Veko Hirai's General Store.
  6741 | D:5      | Bought a scroll of identify for 24 gold pieces
  6741 | D:5      | Bought a potion of flight for 36 gold pieces
  6770 | D:5      | Found Xilueschu's Assorted Antiques.
  7074 | D:6      | Reached skill level 2 in Conjurations
  7074 | D:6      | Reached skill level 4 in Ice Magic
  7128 | D:6      | Identified the +8 falchion of Triumph {venom, rElec Will-
                  | Int+6 SInv}
  7197 | D:6      | Reached skill level 5 in Spellcasting
  7197 | D:6      | Reached XP level 9. HP: 54/57 MP: 14/16
  7258 | D:6      | Reached skill level 7 in Stealth
  7556 | D:6      | Found a transporter.
  7561 | D:6      | Found a transporter.
  7562 | D:6      | Noticed stringoo's ghost (weakling OpDe)
  7613 | D:6      | Found an opulent altar of Gozag.
  7613 | D:6      | Found a blossoming altar of Fedhas.
  7613 | D:6      | Found a burning altar of Makhleb.
  7976 | D:7      | Reached skill level 5 in Short Blades
  7997 | D:7      | Found an ancient bone altar of Kikubaaqudgha.
  8027 | D:7      | Reached skill level 7 in Hexes
  8252 | D:7      | Reached skill level 3 in Conjurations
  8440 | D:7      | Noticed a seven-headed hydra
  8682 | D:8      | Reached skill level 8 in Stealth
  8686 | D:8      | Reached skill level 6 in Spellcasting
  8694 | D:8      | Reached XP level 10. HP: 58/63 MP: 6/19
  8839 | D:8      | Reached skill level 4 in Conjurations
  8840 | D:8      | Reached skill level 1 in Evocations
  8885 | D:8      | Reached skill level 6 in Short Blades
  8885 | D:8      | Reached skill level 8 in Hexes
  8914 | D:8      | Noticed a manticore
  8914 | D:8      | Noticed an eight-headed hydra
  8940 | D:8      | Found a shimmering altar of Xom.
  8940 | D:8      | Found a shimmering altar of Xom.
  8969 | D:8      | Slain by a gnoll

Illustrated notes

Levels and vault maps discovered:
D:1:      dpeg_arrival_water_fire, layout_loops_ring,
          ebering_ecumenical_altar_petrified
D:2:      layout_rooms
D:3:      layout_basic, old_standard_altar, minivault_14
D:4:      layout_rooms, overflow_temple_1_default, uniq_eustachio
D:5:      layout_loops_ring, lemuel_temple_firewalk_b, serial_shops,
          kennysheep_little_box, kennysheep_mini_moat, nicolae_shop_stone, shop,
          serial_park_tiny_1, goddamned_bats, uniq_duvessa, uniq_grinder
D:6:      layout_cave_pools, gammafunk_temple_overflow_claw,
          gammafunk_ghost_hive, serial_column_ruins, column_ruins_hut,
          column_ruins_columns_corner, column_ruins_open_tiny,
          column_ruins_corridor_dead_end, column_ruins_corridor_T, st_stairs_8
D:7:      nzn_winding_woodlands_stair_cross
          [nzn_winding_woodlands_5x15_river_crossing,
          nzn_winding_woodlands_center_pierced_h,
          nzn_winding_woodlands_5x15_lazy_stream,
          nzn_winding_woodlands_5x5_open_star,
          nzn_winding_woodlands_5x5_closed_star,
          nzn_winding_woodlands_5x15_concentric,
          nzn_winding_woodlands_center_lodge,
          nzn_winding_woodlands_5x15_garden], layout_rooms,
          mainiacjoe_overflow_catwalk
D:8:      minmay_bloctagon, layout_basic, xom_redecorated, david_lair_generic
Temple:   hellmonk_temple_divided_pantheon

Skill      XL: |  1  2  3  4  5  6  7  8  9 10 |
---------------+-------------------------------+-----
Stealth        | 4 5 6 8 |  8.6
Hexes          | 4 5 6 7 8 |  8.0
Ice Magic      | 1 2 3 4 |  4.0
Short Blades   | 2 3 4 5 6 |  6.0
Spellcasting   | 3 4 5 6 |  6.4
Conjurations   | 1 2 3 4 |  4.0
Evocations     | 1 |  1.3
Dodging        | |  1.7

Action                   |  1- 3 |  4- 6 |  7- 9 | 10-12 || total
-------------------------+-------+-------+-------+-------++-------
Melee: Dagger            |   140 |    99 |   285 |    23 ||   547
       Punch             |     3 |       |     3 |       ||     6
Throw: Dart              |       |       |     2 |       ||     2
 Cast: Ensorcelled Hiber |     7 |    20 |    66 |    11 ||   104
       Tukima's Dance    |       |     2 |     3 |     3 ||     8
       Confusing Touch   |       |       |     9 |       ||     9
       Dazzling Flash    |       |       |       |     3 ||     3
 Abil: Dig               |     1 |       |     1 |       ||     2
Evoke: Wand              |       |     3 |     3 |       ||     6
  Use: Scroll            |       |     1 |       |       ||     1
 Stab: Sleeping          |    12 |    18 |    57 |     4 ||    91
       Confused          |       |       |     6 |       ||     6
Armor: Robe              |    46 |    19 |    83 |     2 ||   150
Dodge: Dodged            |   110 |    61 |   232 |    21 ||   424
